 Dungeon Crawl Stone Soup version 0.30-a0-737-gf23d94013f (webtiles) character file.

Game seed: 3449396102273540461

41 Leeroy the Grasshopper (level 3, 18/18 HPs)
             Began as a Vine Stalker Warper on Feb 2, 2023.
             Got out of the dungeon alive.
             The game lasted 00:01:02 (799 turns).

Leeroy the Grasshopper (Vine Stalker Warper)         Turns: 799, Time: 00:01:02

Health: 18/18      AC:  5    Str: 13    XL:     3   Next: 52%
Magic:  7/7        EV: 11    Int: 13    God:
Gold:   61         SH:  0    Dex: 15    Spells: 6/6 levels left

rFire   . . .      SeeInvis .    a - +0 falchion
rCold   . . .      Faith    .    (no shield)
rNeg    . . .      Spirit   +    j - +2 leather armour {Will+}
rPois   .          Reflect  .    (no helmet)
rElec   .          Harm     .    (no cloak)
rCorr   .          Rampage  .    (no gloves)
Will    +....                    (no boots)
Stlth   ++                       (no amulet)
HPRegen 0.23/turn                (no ring)
MPRegen 0.10/turn                (no ring)

@: no status effects
A: fangs 2, magic shield, antimagic bite, no potion heal 2
a: no special abilities


You escaped.
You visited 1 branch of the dungeon, and saw 2 of its levels.

You collected 61 gold pieces.

Inventory:

Hand Weapons
 a - a +0 falchion (weapon)
 e - a +0 rapier
Missiles
 d - 7 boomerangs of dispersal (quivered)
 h - 2 boomerangs
Armour
 b - a +0 leather armour
 j - a +2 leather armour of willpower (worn)
Scrolls
 c - a scroll of blinking
 f - 3 scrolls of teleportation {unknown}
 g - a scroll of amnesia {unknown}
 i - a scroll of torment {unknown}
 k - a scroll of identify {unknown}


   Skills:
 - Level 1.7 Fighting
 - Level 2.2 Long Blades
 - Level 0.3(0.4) Maces & Flails
 + Level 0.2 Polearms
 - Level 0.2(0.4) Staves
 + Level 0.1 Ranged Weapons
 - Level 0.8 Throwing
 - Level 0.7 Armour
 - Level 1.5 Dodging
 + Level 1.7 Stealth
 + Level 0.3 Shields
 - Level 2.1 Spellcasting
 + Level 0.3 Summonings
 + Level 0.2 Necromancy
 - Level 3.0 Translocations
 + Level 0.1 Ice Magic
 + Level 0.2 Air Magic
 + Level 0.2 Earth Magic
 + Level 0.1 Poison Magic
 + Level 0.2 Invocations
 + Level 0.1 Evocations


You had 6 spell levels left.
You didn't know any spells.
Your spell library contained the following spells:

 Spells                   Type           Power      Damage    Failure   Level
 Blink                    Tloc           18%        N/A       14%         2
 Lesser Beckoning         Tloc           18%        N/A       14%         2
 Teleport Other           Tloc           9%         N/A       28%         3
 Vhi's Electric Charge    Tloc/Air       10%        N/A       43%         3
 Manifold Assault         Tloc           9%         N/A       67%         4


Dungeon Overview and Level Annotations

Branches:
Dungeon (2/15)

Altars:


Innate Abilities, Weirdness & Mutations

You have extremely sharp teeth.
When hurt, damage is shared between your health and your magic reserves.
Your bite disrupts and absorbs the magic of your enemies.
Potions cannot restore your health.


Message History

Key pressed, stopping explore.
No target in view!
No target in view!
No target in view!
You see here a jackal skeleton.
You open the door.
There is an open door here.
You open the door. You open the door.
Found a faded altar of an unknown god.
No target in view!
There is an open door here.
You open the door.
There is an open door here.
You open the door.
There is an open door here.
There is an open door here.
Done exploring.
No target in view!
There is an open door here.
There is an open door here.
There is an open door here.
There is an open door here.
There is an open door here.
You open the door.
There is an open door here.
There is a stone staircase leading down here.
You climb downwards.
Found 6 gold pieces.
There is a stone staircase leading up here.
Char dumped successfully.
Are you sure you want to abandon this character and quit the game? (Confirm with "yes".)
Okay, then.
You climb upwards.
There is a stone staircase leading down here.
There is an open door here.
There is an open door here.
There is a staircase leading out of the dungeon here.
Are you sure you want to leave the Dungeon?
This will make you lose the game!
You have escaped!

#.############....#.## #.......
#..............)..#..####..[++++
##############....##...##...++++
#..###..#..###.++_'
##'###'###.###)'''+
#...#...##..##.'++'
#...#.>.###.##.....
#...#...##.......#.
#.@.#.>.##..####.#.
#...#...##.....#.#.
#...#.>.##.#...#.#.
#...#...##.#.......
##+###+###.#..##.#.
#...#.###.#.....#.
###.......###..... #######.#
###.## #.# #.#


There were no monsters in sight!

Vanquished Creatures
  2 ball pythons (D:1)
  3 bats (D:1)
  A giant cockroach (D:1)
  4 goblins (D:1)
  3 hobgoblins (D:1)
  11 jackals (D:1)
  4 kobolds (D:1)
  2 quokkas (D:1)
  2 frilled lizards (D:1)
  A rat (D:1)
33 creatures vanquished.

Notes
Turn   | Place    | Note
-------+----------+-------------------------------------------
     0 | D:1      | Leeroy the Vine Stalker Warper began the quest for the Orb.
     0 | D:1      | Reached XP level 1. HP: 11/11 MP: 4/4
   111 | D:1      | Reached XP level 2. HP: 13/15 MP: 6/6
   284 | D:1      | Reached XP level 3. HP: 12/18 MP: 7/7
   427 | D:1      | Reached skill level 1 in Stealth
   735 | D:1      | Found a faded altar of an unknown god.
   799 | D:$      | Got out of the dungeon alive.

Illustrated notes

Levels and vault maps discovered:
D:1:      minmay_arrival_up_and_down, layout_basic,
          hellmonk_ecumenical_altar_heavens_door, chequers_avenue,
          minmay_misc_feat_diagonals, corexii_corridor_pit
D:2:      layout_basic, kennysheep_generic_room_15

Skill      XL: |  1  2  3 |
---------------+----------+-----
Long Blades    | 2 |  2.2
Stealth        | 1 |  1.7
Fighting       | |  1.7
Maces & Flails | |  0.3
Polearms       | |  0.2
Staves         | |  0.2
Ranged Weapons | |  0.1
Throwing       | |  0.8
Armour         | |  0.7
Dodging        | |  1.5
Shields        | |  0.3
Spellcasting   | |  2.1
Summonings     | |  0.3
Necromancy     | |  0.2
Translocations | |  3.0
Ice Magic      | |  0.1
Air Magic      | |  0.2
Earth Magic    | |  0.2
Poison Magic   | |  0.1
Invocations    | |  0.2
Evocations     | |  0.1

Action                     || total
---------------------------++-------
  Melee: Falchion          ||    93
         Bite              ||    13
 Armour: Leather armour    ||    41
  Dodge: Dodged            ||    76

Table legend: (Time is in decaauts)
 A = Elapsed time spent in this place.
 B = Non-inter-level travel time spent in this place.
 C = Inter-level travel time spent in this place.
 D = Time resting spent in this place.
 E = Time spent auto-exploring this place.
 F = Levels seen in this place.
 G = Mean time per level.
                   A        B        C        D        E       F      G
               +--------+--------+--------+--------+--------+-----+--------+
         Total |    817 |    775 |     42 |      0 |    548 |   2 |  408.5 |
       Dungeon |    817 |    775 |     42 |      0 |    548 |   2 |  408.5 |
               +--------+--------+--------+--------+--------+-----+--------+

Top non-repeatable levels by time:
     D:1: 815 daAuts
     D:2: 1 daAuts
